 Dungeon Crawl Stone Soup version 0.24-a0-378-g94936e5 (webtiles) character file.

Game seed: 266578351919606087

149 Ghalim the Skirmisher (level 5, -3/34 HPs)
             Began as a Gargoyle Fighter on June 1, 2019.
             Slain by Crazy Yiuf
             ... wielding a +4 quarterstaff of chaos
              (12 damage)
             ... on level 2 of the Dungeon.
             The game lasted 00:06:19 (2354 turns).

Ghalim the Skirmisher (Gargoyle Fighter)            Turns: 2354, Time: 00:06:19

Health: -3/34      AC:  0    Str: 20    XL:     5   Next: 31%
Magic:  0/5        EV: 13    Int:  9    God:
Gold:   133        SH:  0    Dex:  9    Spells: 4/4 levels left

rFire    . . .     SeeInvis .   (weapon currently unavailable)
rCold    . . .     Gourm    .   (shield currently unavailable)
rNeg     + . .     Faith    .   (armour currently unavailable)
rPois    ∞         Spirit   .   (helmet currently unavailable)
rElec    .         Reflect  .   (cloak currently unavailable)
rCorr    .         Harm     .   (gloves currently unavailable)
MR       .....                  (boots currently unavailable)
Stlth    +.........             (no amulet)
HPRegen  0.11/turn              (ring currently unavailable)
MPRegen  0.09/turn              (ring currently unavailable)

@: pig-form, very quick
A: small, negative energy resistance 1, petrification resistance, rot immunity,
AC +4
a: no special abilities


You were on level 2 of the Dungeon.
You were very hungry.
You were a filthy swine.
You visited 1 branch of the dungeon, and saw 2 of its levels.

You collected 133 gold pieces.

Inventory:

Hand Weapons
 a - a +0 flail (melded)
 i - a +0 whip
 k - a +0 mace
 p - a +2 whip of electrocution
Armour
 b - a +0 scale mail (melded)
 c - a +0 shield (melded)
 r - a cursed +0 chain mail
Jewellery
 o - an uncursed ring of protection from cold {unknown}
Scrolls
 e - a scroll of blinking {unknown}
 g - 2 scrolls of remove curse {unknown}
 h - 2 scrolls of amnesia {unknown}
 l - a scroll of identify {unknown}
 m - 3 scrolls of teleportation {unknown}
Potions
 d - a potion of might
 j - a potion of berserk rage {unknown}
 n - a potion of flight {unknown}
 q - a potion of mutation {unknown}
 s - a potion of cancellation {unknown}
 t - a potion of curing {unknown}
 u - 2 potions of agility {unknown}
Comestibles
 f - a ration


   Skills:
 + Level 4.5 Fighting
 * Level 4.5 Maces & Flails
 - Level 3.2 Armour
 - Level 3.2 Shields


You had 4 spell levels left.
You didn't know any spells.
Your spell library was empty.

Dungeon Overview and Level Annotations

Branches:
Dungeon (2/15)

Altars:

Annotations:
D:2 Crazy Yiuf


Innate Abilities, Weirdness & Mutations

You are resistant to torment.
((Your stone body is resilient. (AC +4)))
You are immune to poison.
You resist negative energy. (rN+)
((You are resistant to electric shocks. (rElec)))
((You can survive without breathing.))
You are immune to petrification.
You are immune to rotting.


Message History

You start resting.
HP restored.
You climb downwards.
Level annotation: Crazy Yiuf
There is a stone staircase leading up here.
Crazy Yiuf zaps a wand.
You turn into a filthy swine.
Your +0 flail melds into your body.
Your +0 shield melds into your body.
Your +0 scale mail melds into your body.
You hit Crazy Yiuf but do no damage.
Crazy Yiuf hits you with a +4 quarterstaff of chaos!
Crazy Yiuf burns you.
You hit Crazy Yiuf.
Crazy Yiuf is lightly wounded.
Crazy Yiuf hits you with a +4 quarterstaff of chaos!
* * * LOW HITPOINT WARNING * * *
You feel your power leaking away.
Crazy Yiuf whimpers, "Blight high green!"
There is a stone staircase leading up here.
Crazy Yiuf hits you with a +4 quarterstaff of chaos!
You die...

#...(# #...# #.#.# #.#.. #....#
#...# #.#.######.#.. #....#
#...####.#........#.. #....#
#........#..######### #....#
#....#####g....).#
#########....#..>....###.#
#..........).#.####..# #.# #
#............g.......# #.# #
#..........#h).####.## #.# #
###.###..#..........# #.# #
########.##..###...#########.# #
............†..'...'......##.####
##########...###...######.##.....
#....#.......###...######.######.
#.##.#.#..).............#.# #.
#.##.#.'<.......#'#####.#.######.
#.##.###........#.# #.#.#......


You could see Crazy Yiuf.

Vanquished Creatures
  Natasha (thrice) (D:2)
  2 adders (D:2)
  An ooze (D:1)
  A worm (D:2)
  2 dart slugs (D:1)
  An orc (D:2)
  2 giant cockroaches
  4 hobgoblins
  7 jackals
  3 kobolds
  A quokka (D:2)
  8 bats
  2 frilled lizards
  4 goblins
  7 rats
  A bush (D:2)
49 creatures vanquished.

Notes
Turn   | Place    | Note
-------+----------+-------------------------------------------
     0 | D:1      | Ghalim the Gargoyle Fighter began the quest for the Orb.
     0 | D:1      | Reached XP level 1. HP: 14/14 MP: 1/1
   120 | D:1      | Reached XP level 2. HP: 19/19 MP: 2/2
   357 | D:1      | Reached XP level 3. HP: 24/24 MP: 3/3
  1053 | D:2      | Noticed Natasha
  1057 | D:2      | Reached XP level 4. HP: 29/29 MP: 4/4
  1064 | D:2      | Killed Natasha
  1190 | D:2      | Noticed Natasha
  1196 | D:2      | Killed Natasha
  1395 | D:2      | Reached XP level 5. HP: 34/34 MP: 5/5
  1489 | D:2      | Noticed Natasha
  1785 | D:2      | Killed Natasha
  2034 | D:2      | Found a runed translucent door.
  2035 | D:2      | Noticed Crazy Yiuf
  2354 | D:2      | Slain by Crazy Yiuf

Levels and vault maps discovered:
D:1:      lightli_arrival_farm, layout_basic
D:2:      layout_basic, kennysheep_pointless_box, uniq_crazy_yiuf_cottage,
          uniq_natasha

Skill      XL: |  1  2  3  4 |
---------------+-------------+-----
Maces & Flails | 3 4 |  4.5
Fighting       | 4 |  4.5
Armour         | |  3.2
Shields        | |  3.2

Action                   |  1- 3 |  4- 6 || total
-------------------------+-------+-------++-------
Melee: Flail             |   115 |   140 ||   255
       Unarmed           |       |    18 ||    18
  Eat: Chunk             |       |     4 ||     4
Armor: Scale mail        |    77 |    34 ||   111
Dodge: Dodged            |    30 |    22 ||    52
Block: Shield            |    61 |    32 ||    93

Table legend:
 A = Non-vault XP
 B = Vault XP
 C = Vault XP percentage of total XP
 D = Non-vault monster count
 E = Vault monster count
 F = Vault count percentage of total count
                 A         B        C        D         E       F
            +---------+---------+-------+---------+---------+-------
      Total |     179 |      35 |  16.4 |      47 |       1 |   2.1
            +---------+---------+-------+---------+---------+-------
        D:1 |      45 |       0 |   0.0 |      23 |       0 |   0.0
        D:2 |     134 |      35 |  20.7 |      24 |       1 |   4.0
            +---------+---------+-------+---------+---------+-------
